Map: Eastwatch LE

Players

Bingus

  • Race: Zerg Zerg
  • League: Gold
  • Spawn Location: 7:00

CinDra - Winner!

  • Race: Zerg Zerg
  • League: Silver
  • Spawn Location: 1:00

VOD

Have the link to the VOD?

Description

Time

  • Played on: Feb. 25, 2018, 12:30 a.m.
  • Length: 15:00
Show
View Real Time Build Order
Export as new Build Order

Bingus Zerg 

Build Orders: Pool First 

Get SALT Encoding   

  12  0:14  Overlord  
  12  0:15  Drone  
  12  0:20  Drone  
  14  0:39  Spawning Pool, Drone  
  14  0:43  Drone  
  15  0:52  Drone  
  16  1:14  Hatchery  
  16  1:15  Drone  
  16  1:17  Drone  
  17  1:21  Drone  
  18  1:34  Queen  
  18  1:38  Extractor  
  19  1:41  Overlord  
  19  1:44  Drone  
  20  2:06  Drone  
  20  2:07  Drone  
  22  2:16  Extractor  
  21  2:40  Drone  
  22  2:45  Zergling x4  
  22  2:49  Zergling x6  
  27  2:53  Drone x3  
  27  2:54  Queen  
  32  3:03  Metabolic Boost  
  32  3:05  Lair  
  32  3:10  Drone  
  33  3:13  Overlord  
  33  3:14  Drone  
  34  3:22  Drone  
  34  3:23  Zergling x2  
  34  3:26  Overlord  
  36  3:54  Drone x3  
  39  3:57  Overlord  
  39  3:58  Zergling x2  
  39  3:59  Zergling x8  
  44  4:09  Hydralisk Den  
  43  4:12  Drone  
  44  4:17  Drone x3  
  47  4:34  Drone x2  
  47  4:38  Extractor  
  43  5:06  Zergling x8  
  41  5:09  Zergling x8  
  45  5:15  Muscular Augments  
  45  5:24  Zergling x4  
  45  5:25  Zergling x2  
  48  5:42  Drone x4  
  52  5:43  Drone  
  53  5:53  Hydralisk  
  53  5:54  Hydralisk x2  
  53  5:56  Overlord x2  
  60  5:57  Zergling x2  
  60  6:11  Infestation Pit  
  60  6:16  Evolution Chamber  
  60  6:17  Drone x2  
  60  6:25  Drone  
  60  6:26  Drone x2  
  60  6:29  Extractor  
  60  6:30  Overlord  
  62  6:34  Hydralisk x4  
  62  6:35  Hydralisk x2  
  74  6:40  Grooved Spines  
  74  6:42  Zerg Ground Armor Level 1  
  74  6:50  Hive  
  74  7:00  Drone x2  
  75  7:46  Drone x3  
  75  7:47  Drone  
  79  7:54  Hydralisk  
  79  7:55  Hydralisk  
  79  7:56  Overlord x5  
  79  7:57  Overlord  
  83  8:00  Hatchery  
  83  8:03  Zergling x2  
  83  8:14  Queen  
  85  8:20  Ultralisk Cavern  
  84  8:37  Zerg Ground Armor Level 2  
  84  8:39  Nydus Network  
  83  8:53  Hydralisk x6  
  83  8:54  Hydralisk x6  
  107  9:29  Drone x2  
  109  9:37  Ultralisk x3  
  127  9:42  Overlord  
  127  9:43  Hydralisk x2  
  127  9:44  Hydralisk  
  127  9:45  Hydralisk  
  133  9:46  Overlord  
  133  9:47  Overlord x3  
  135  9:56  Extractor  
  135  9:58  Drone x2  
  136  10:00  Extractor  
  135  10:09  Pneumatized Carapace  
  135  10:42  Drone x3  
  125  11:17  Drone x3  
  128  11:20  Ultralisk x3  
  128  11:21  Hydralisk x7  
  160  11:34  Nydus Canal  
  160  11:40  Drone  
  160  11:41  Drone  
  160  11:44  Queen  
  85  12:34  Hydralisk x10  
  85  12:35  Hydralisk x4  
  111  12:40  Drone x2  
  113  13:22  Chitinous Plating  
  113  14:00  Hydralisk x3  
  113  14:01  Hydralisk x14  
Show
View Real Time Build Order
Export as new Build Order

CinDra Zerg - Winner!

Build Orders: Hatch First 

Get SALT Encoding   

  12  0:01  Drone  
  13  0:12  Overlord  
  13  0:18  Drone  
  14  0:30  Drone  
  14  0:31  Drone  
  16  0:37  Drone  
  17  0:55  Hatchery  
  16  1:00  Drone  
  17  1:05  Extractor, Drone  
  18  1:11  Drone  
  18  1:21  Spawning Pool  
  18  1:23  Drone  
  18  1:36  Drone  
  19  1:40  Drone  
  20  1:49  Drone  
  22  2:08  Zergling x4  
  22  2:09  Queen x2  
  22  2:10  Overlord  
  27  2:18  Metabolic Boost  
  27  2:20  Drone  
  28  2:29  Drone  
  29  2:30  Overlord  
  29  2:34  Drone  
  30  2:51  Drone x2  
  30  2:52  Drone  
  33  2:59  Drone  
  34  3:06  Drone x2  
  36  3:16  Roach Warren  
  35  3:20  Drone x2  
  35  3:21  Drone x6  
  43  3:27  Extractor  
  43  3:33  Drone  
  43  3:34  Drone  
  44  3:44  Overlord x2  
  44  4:01  Queen  
  46  4:07  Zergling x2, Overlord  
  46  4:08  Zergling x10  
  52  4:13  Lair  
  52  4:18  Drone  
  52  4:19  Drone  
  52  4:23  Zergling x8  
  52  4:24  Zergling x4  
  60  4:31  Zergling x2, Overlord  
  60  4:37  Pneumatized Carapace  
  60  4:38  Zergling x2  
  59  4:59  Hatchery  
  58  5:20  Glial Reconstitution  
  58  5:21  Roach  
  58  5:22  Roach x7  
  58  5:23  Overlord  
  74  5:29  Extractor  
  73  5:43  Zergling x2  
  73  5:44  Zergling x4  
  76  5:59  Drone  
  76  6:00  Drone x6  
  76  6:01  Overlord  
  83  6:16  Roach x3  
  89  6:25  Extractor  
  88  6:26  Drone x3  
  91  6:36  Overlord, Roach x3  
  91  6:37  Overlord x4  
  97  6:40  Drone  
  98  6:55  Drone x5  
  103  7:16  Drone x4  
  103  7:17  Roach x4  
  103  7:18  Roach x2  
  119  7:37  Drone x2  
  119  7:38  Drone x2  
  119  7:39  Drone x2  
  119  7:40  Drone x3  
  119  7:41  Drone x2  
  119  7:43  Roach  
  119  7:44  Roach  
  134  7:51  Overseer  
  134  7:52  Overseer x2  
  134  7:59  Roach  
  134  8:00  Roach  
  134  8:04  Overlord  
  134  8:05  Overlord x3  
  138  8:08  Extractor  
  138  8:12  Extractor  
  136  8:20  Evolution Chamber x2  
  134  8:47  Hatchery  
  133  9:15  Zerg Missile Weapons Level 1  
  133  9:16  Zerg Ground Armor Level 1  
  133  9:21  Spire  
  132  9:30  Overlord x2  
  132  9:31  Overlord, Roach x12  
  140  9:32  Overlord x2, Roach  
  158  9:46  Roach x6  
  158  9:47  Overlord x4  
  170  9:53  Drone  
  170  9:54  Drone  
  172  10:07  Queen  
  172  10:08  Drone  
  172  10:09  Drone x4  
  179  10:19  Extractor  
  178  10:25  Extractor  
  176  11:00  Mutalisk  
  176  11:01  Mutalisk x15  
  176  11:02  Mutalisk  
  200  11:22  Zerg Ground Armor Level 2, Zerg Missile Weapons Level 2  
  200  11:25  Zerg Flyer Weapons Level 1  
  200  11:33  Infestation Pit  
  199  11:41  Zergling x2  
  97  12:25  Queen  
  97  12:27  Roach  
  97  12:28  Roach x25  
  97  12:29  Roach x10  
  161  12:53  Drone x5  
  161  12:54  Drone x3  
  169  13:04  Hive  
  169  13:08  Mutalisk  
  169  13:09  Mutalisk x3  
  177  13:24  Drone x3  
  177  13:25  Drone x3  
  183  13:29  Drone x2  
  183  13:30  Drone x2  
  183  13:32  Roach x4  
  174  14:40  Roach x8  
  174  14:41  Roach x11  
Tags
 
Add a new tag
Caveats
  • Supply blocks, unpowered buildings, or Contaminate may cause inaccurate times.
  • Supply counts are checked every 10 seconds.